 Dungeon Crawl Stone Soup version 0.30.1-4-g462c640d31 (webtiles) character file.

Game seed: 193679183724119412

26 mactray the Thrower (level 3, 0/28 HPs)
             Began as a Gnoll Wanderer on Sept 14, 2023.
             Slain by Natasha (5 damage)
             ... on level 3 of the Dungeon.
             The game lasted 00:12:04 (1345 turns).

mactray the Thrower (Gnoll Wanderer)                Turns: 1345, Time: 00:12:04

Health: 0/28       AC:  3    Str: 16    XL:     3   Next: 8%
Magic:  7/7        EV: 16    Int: 10    God:
Gold:   58         SH:  0    Dex:  9    Spells: 6/7 levels left

rFire   . . .        k - staff of cold
rCold   + . .        (no shield)
rNeg    . . .        e - +0 leather armour
rPois   .            (no helmet)
rElec   .            (no cloak)
rCorr   .            (no gloves)
SInv    .            (no boots)
Will    .....        (no amulet)
Stlth   +            q - +5 ring of evasion
HPRegen 0.24/turn    (no ring)
MPRegen 0.10/turn

%: no passive effects
@: slowed, very slow
A: fangs 1, strong nose, distributed training
a: no special abilities


You were on level 3 of the Dungeon.
You visited 1 branch of the dungeon, and saw 3 of its levels.

You collected 58 gold pieces.

Inventory:

Hand Weapons
 a - a +0 dagger
 j - a +0 mace
 o - a +0 dagger of venom
 p - a +0 sling
Missiles
 b - 5 poisoned darts (quivered)
 f - 17 stones
Armour
 e - a +0 leather armour (worn)
 i - a +2 robe of cold resistance
Magical Staves
 k - a staff of cold (weapon)
Jewellery
 q - a +5 ring of evasion (left hand)
Scrolls
 h - 3 scrolls of enchant armour {unknown}
 m - a scroll of magic mapping {unknown}
 n - a scroll of teleportation {unknown}
Potions
 c - a potion of lignification
 g - a potion of flight {unknown}
 l - 2 potions of mutation {unknown}


   Skills:
 + Level 2.5 Fighting
 + Level 0.6 Short Blades
 + Level 0.6 Long Blades
 + Level 0.6 Axes
 + Level 0.6 Maces & Flails
 + Level 0.6 Polearms
 + Level 0.6 Staves
 + Level 0.6 Ranged Weapons
 + Level 8.5 Throwing
 + Level 0.6 Armour
 + Level 0.6 Dodging
 + Level 0.6 Stealth
 + Level 0.6 Shields
 + Level 0.6 Unarmed Combat
 + Level 2.8 Spellcasting
 + Level 0.4 Conjurations
 + Level 0.4 Hexes
 + Level 0.4 Summonings
 + Level 5.4 Necromancy
 + Level 0.4 Translocations
 + Level 0.4 Transmutations
 + Level 0.4 Fire Magic
 + Level 0.4 Ice Magic
 + Level 0.4 Air Magic
 + Level 0.4 Earth Magic
 + Level 0.4 Poison Magic
 + Level 0.8 Invocations
 + Level 2.5 Evocations


You had 6 spell levels left.
You knew the following spells:

 Your Spells              Type           Power      Damage    Failure   Level
a - Kiss of Death         Conj/Necr      28%        2d7       11%         1

Your spell library contained the following spells:

 Spells                   Type           Power      Damage    Failure   Level
 Necrotise                Necr           48%        1d6       3%          1
 Sublimation of Blood     Necr           12%        N/A       6%          2
 Vampiric Draining        Necr           12%        2d6       12%         3
 Apportation              Tloc           4%         N/A       28%         1
 Magic Dart               Conj           8%         1d3       28%         1
 Summon Small Mammal      Summ           8%         N/A       28%         1
 Call Imp                 Summ           4%         N/A       41%         2
 Call Canine Familiar     Summ           2%         N/A       65%         3
 Mephitic Cloud           Conj/Pois/Air  2%         N/A       65%         3
 Portal Projectile        Hex/Tloc       4%         N/A       65%         3
 Stone Arrow              Conj/Erth      4%         3d7       65%         3
 Animate Armour           Summ/Erth      4%         N/A       96%         4
 Leda's Liquefaction      Hex/Erth       1%         N/A       96%         4
 Lehudib's Crystal Spear  Conj/Erth      1%         10d2      100%        8


Dungeon Overview and Level Annotations

Branches:
Dungeon (3/15)

Altars:

Annotations:
D:3 Natasha


Innate Abilities, Weirdness & Mutations

You have very sharp teeth.
Your uncanny sense of smell can sniff out nearby items.
Your experience applies equally to all skills.


Message History

The cerulean imp hits you from afar with a +0 spear.
Natasha stares at you and mumbles some strange words.
You feel yourself slow down. The cerulean imp misses you.
The cerulean imp barely misses you.
You closely miss Natasha.
The cerulean imp disappears in a puff of smoke!
The cerulean imp misses you. Natasha closely misses you.
The cerulean imp hits you from afar with a +0 spear.
The cerulean imp closely misses you. Natasha casts a spell at you.
The magic dart hits you.
The cerulean imp hits you from afar with a +0 spear.
You closely miss Natasha. The cerulean imp barely misses you.
Natasha claws you.
* * * LOW HITPOINT WARNING * * *
The cerulean imp misses you.
The cerulean imp hits you from afar with a +0 spear.
* * * LOW HITPOINT WARNING * * *
Natasha stares at you and mumbles some strange words.
You feel as though you will be slow longer.
The cerulean imp barely misses you.
As you read the scroll of fear, it crumbles to dust.
You assume a fearsome visage.
Natasha looks frightened!
The cerulean imp looks frightened! x2
Throw: 6 darts (poison)
Press: ? - help, Q - select action, (/) - cycle Shift-Dir - straight line, f/p - Natasha
Aim: Natasha (fleeing, 53% to hit)
You throw a poisoned dart. The poisoned dart hits Natasha!
Natasha is poisoned.
Your attack snaps Natasha out of her fear.
Natasha closely misses you. Natasha attacks as you move away!
Natasha barely misses you.
Natasha wildly gestures.
You feel troubled.
Natasha casts a spell.
Natasha attacks as you move away! Natasha barely misses you.
Natasha casts a spell at you.
You feel as though you will be slow longer.
k - a staff of cold (weapon)
Natasha claws you.
You die...

#.#.# #.#.#####
#.......#
#.#.###.#######.
#...#...((((..(.
#####.#.#######.
#5#... #h#####
#@# #.......#
#######.#


You could see Natasha (poisoned) and a cerulean imp (summoned).

Vanquished Creatures
  3 dart slugs
  2 bats (D:2)
  An endoplasm (D:2)
  6 goblins
  A hobgoblin (D:2)
  A kobold (D:2)
  A ball python (D:2)
  2 frilled lizards (D:2)
  2 rats
19 creatures vanquished.

Notes
Turn   | Place    | Note
-------+----------+-------------------------------------------
     0 | D:1      | mactray the Gnoll Wanderer began the quest for the Orb.
     0 | D:1      | mactray set off with the following items: a +0 dagger, 11
                  | poisoned darts, a potion of lignification, a scroll of
                  | fear, a +0 leather armour; and the following spell
                  | memorised: Kiss of Death; and the following spells
                  | available to memorise: Sublimation of Blood, Vampiric
                  | Draining.
     0 | D:1      | Reached XP level 1. HP: 17/17 MP: 4/4
   228 | D:1      | You fall into a shaft and drop 1 floor!
   250 | D:2      | Reached XP level 2. HP: 16/21 MP: 5/5
  1043 | D:2      | Reached XP level 3. HP: 28/28 MP: 7/7
  1077 | D:2      | Found a faded altar of an unknown god.
  1320 | D:3      | Noticed Natasha
  1345 | D:3      | Slain by Natasha

Illustrated notes

Levels and vault maps discovered:
D:1:      wander_arrival_estate, layout_loops_ring
D:2:      layout_basic, ebering_ecumenical_altar_webs
D:3:      layout_basic, minmay_overflow_temple_star_hex,
          nicolae_concentric_dashed_squares_mild, uniq_terence, uniq_grinder,
          uniq_natasha, uniq_sigmund

Action                     || total
---------------------------++-------
  Melee: Dagger            ||    25
         Bite              ||     3
         Mace              ||    28
  Throw: Dart              ||    20
   Cast: Kiss of Death     ||     1
    Use: Scroll            ||     1
 Armour: Leather armour    ||    23
  Dodge: Dodged            ||    53
